AoeStats
← kkkg

QS Arena

503128486Analyzed
1v1 RM · 1mo ago on Aug 30, 2026· 37m 48s· 2 players
Game mode
Random Map
Map size
Tiny (2 player)
Population
200
Speed
Normal
Resources
Standard
Victory
Conquest
Starting age
Dark Age
Ending age
Imperial Age
RankedLock teamsTeams togetherTeam positionsShared explorationLock speedFull tech treeHidden civsTurbo modeCheats
Victory
Defeat
🇨🇳 Britons · China
926
+17
🇨🇳 Vikings · China
945
-17
BIGBANG
7:41 Feudal Age
12:00 Castle Age
10:55 Horse Collar
14:19 Double-Bit Axe
16:27 Wheelbarrow
16:06 Bow Saw
17:33 Heavy Plow
17:55 Bow Saw
22:19 Fletching
22:30 Padded Archer Armor
22:36 Scale Barding Armor
22:41 Forging
22:34 Scale Mail Armor
25:16 Imperial Age
23:04 Gold Mining
23:04 Stone Mining
23:34 Hand Cart
23:06 Loom
23:08 Town Watch
24:44 Ballistics
25:59 Gold Shaft Mining
25:49 Bodkin Arrow
26:10 Leather Archer Armor
27:04 Chemistry
28:32 Yeomen
27:59 Elite Longbowman
29:01 Conscription
30:11 Bracer
30:43 Ring Archer Armor
30:34 Chain Barding Armor
30:50 Iron Casting
31:43 Conscription
31:40 Masonry
32:07 Hoardings
31:10 Light Cavalry
31:51 Husbandry
34:08 Two-Man Saw
35:24 Plate Barding Armor
35:50 Blast Furnace
kkkg
9:59 Feudal Age
10:54 Double-Bit Axe
13:42 Castle Age
12:09 Horse Collar
19:00 Fervor
20:28 Forging
22:49 Gold Mining
22:50 Stone Mining
23:54 Iron Casting
23:20 Scale Mail Armor
27:51 Imperial Age
25:20 Loom
25:21 Town Watch
26:43 Squires
26:31 Arson
28:09 Gambesons
27:45 Man-at-Arms
28:10 Elite Skirmisher
29:56 Chemistry
29:17 Ballistics
29:08 Fletching
29:19 Padded Archer Armor
29:11 Long Swordsman
30:53 Bodkin Arrow
31:14 Leather Archer Armor
32:00 Gold Shaft Mining
31:56 Ballistics
32:09 Bracer
33:17 Ring Archer Armor
32:52 Long Swordsman
34:47 Chemistry
33:31 Treadmill Crane
33:21 Capped Ram
35:13 Bow Saw
35:37 Conscription
35:02 Elite Berserk
36:18 Chieftains
37:29 Blast Furnace
36:45 Chain Mail Armor
36:58 Two-Handed Swordsman
Connection lost

Rejoining the realm…

Still unreachable

The connection could not be restored.

Session expired

The server has moved on; the page needs a fresh start.